 Dungeon Crawl Stone Soup version 0.30.0-29-ga12c61a403 (webtiles) character file.

Game seed: 2431488460631744588

26 H0rd4k the Charlatan (level 3, 0/26 HPs)
             Began as a Human Artificer on June 20, 2023.
             Succumbed to an adder's poison
             ... on level 2 of the Dungeon.
             The game lasted 00:00:51 (998 turns).

H0rd4k the Charlatan (Human Artificer)               Turns: 998, Time: 00:00:52

Health: 0/26       AC:  3    Str: 12    XL:     3   Next: 22%
Magic:  3/3        EV: 11    Int: 13    God:
Gold:   46         SH:  0    Dex: 13    Spells: 2/2 levels left

rFire   . . .        a - +0 club
rCold   . . .        (no shield)
rNeg    . . .        b - +0 leather armour
rPois   .            (no helmet)
rElec   .            (no cloak)
rCorr   .            (no gloves)
SInv    .            (no boots)
Will    .....        j - amulet of regeneration
Stlth   +            (no ring)
HPRegen 1.04/turn    (no ring)
MPRegen 0.08/turn

%: no passive effects
@: lethally poisoned (0 -> -2)
A: no striking features
a: no special abilities


You were on level 2 of the Dungeon.
You visited 1 branch of the dungeon, and saw 2 of its levels.

You collected 46 gold pieces.

Inventory:

Hand Weapons
 a - a +0 club (weapon)
Missiles
 f - 6 poisoned darts
Armour
 b - a +0 leather armour (worn)
Jewellery
 j - an amulet of regeneration (around neck)
Wands
 c - a wand of flame (14) (quivered)
 d - a wand of charming (14)
 e - a wand of iceblast (5)
Scrolls
 h - a scroll of teleportation {unknown}
 i - a scroll of amnesia {unknown}
 k - a scroll of magic mapping {unknown}
Potions
 g - a potion of berserk rage {unknown}
 l - a potion of heal wounds {unknown}


   Skills:
 + Level 1.1 Fighting
 + Level 1.0 Maces & Flails
 - Level 2.0 Armour
 + Level 1.6 Dodging
 + Level 1.3 Stealth
 + Level 3.4 Evocations


You had 2 spell levels left.
You didn't know any spells.
Your spell library was empty.

Dungeon Overview and Level Annotations

Branches:
Dungeon (2/15)

Altars:


Message History

You miss the adder.
The adder is severely wounded.
You feel sick. The adder bites you. The adder bites you but does no damage.
You barely miss the adder.
The adder is severely wounded.
You feel sick. The adder completely misses you.
You hit the adder.
The adder is severely wounded.
You feel sick. The adder barely misses you. x2
You hit the adder.
The adder is almost dead.
You feel sick. The adder misses you. The adder bites you but does no damage.
You completely miss the adder.
The adder is almost dead.
You feel sick.
You are no longer poisoned.
The adder bites you.
You are poisoned.
The adder poisons you!
You barely miss the adder.
The adder is almost dead.
You feel sick. The adder bites you. x2
* * * LOW HITPOINT WARNING * * *
You barely miss the adder.
The adder is almost dead.
You feel sick. The adder bites you.
* * * LOW HITPOINT WARNING * * *
You are lethally poisoned!
The adder poisons you! The adder closely misses you.
You hit the adder but do no damage.
The adder is almost dead.
* * * LOW HITPOINT WARNING * * *
You feel sick. The adder bites you but does no damage.
Unknown command.
Aiming: Throw Flame
Press: ? - help, Shift-Dir - straight line, f - adder
Aim: an adder (almost dead, 53% to hit)
The puff of flame hits the adder.
You kill the adder!
You die...

##### . ... ... #.#
#######.....
######.####b.@........
####...........######....
.....<.........# .
...............#
...............###
.........#..###..#
...........###..##
.........#####.###
.........###.....#


You could see a bat.

Vanquished Creatures
  An adder (D:2)
  A ball python (D:1)
  2 bats (D:1)
  An endoplasm (D:1)
  A giant cockroach (D:1)
  4 goblins
  2 hobgoblins
  2 jackals (D:2)
  A kobold (D:1)
  6 rats (D:1)
21 creatures vanquished.

Vanquished Creatures (others)
  An adder (D:2)
1 creature vanquished.

Grand Total: 22 creatures vanquished

Notes
Turn   | Place    | Note
-------+----------+-------------------------------------------
     0 | D:1      | H0rd4k the Human Artificer began the quest for the Orb.
     0 | D:1      | Reached XP level 1. HP: 15/15 MP: 1/1
    78 | D:1      | Found a faded altar of an unknown god.
   240 | D:1      | Reached XP level 2. HP: 14/21 MP: 2/2
   942 | D:2      | Reached XP level 3. HP: 26/26 MP: 3/3
   973 | D:2      | Reached skill level 1 in Maces & Flails
   997 | D:2      | HP: 1/26 [poisoned by an adder]
   998 | D:2      | Succumbed to an adder's poison

Illustrated notes

Levels and vault maps discovered:
D:1:      lightli_arrival_chessboard, layout_basic,
          dreamdust_ecumenical_altar_statues
D:2:      layout_rooms, serial_shops, shop

Skill      XL: |  1  2  3 |
---------------+----------+-----
Maces & Flails | 1 |  1.0
Fighting       | |  1.1
Armour         | |  2.0
Dodging        | |  1.6
Stealth        | |  1.3
Evocations     | |  3.4

Action                     || total
---------------------------++-------
  Melee: Club              ||    89
         Punch             ||     3
  Evoke: Wand              ||     2
   Stab: Sleeping          ||     2
 Armour: Leather armour    ||    43
  Dodge: Dodged            ||    85
